 Dungeon Crawl Stone Soup version 0.28-a0-1038-g9c4cb8273d (webtiles) character file.

Game seed: 16510143961610340009

1377 EWolf27 the Cleaver (level 8, -8/73 HPs)
             Began as a Hill Orc Berserker on Dec 8, 2021.
             Was a Believer of Trog.
             Killed from afar by an orc warrior (39 damage)
             ... with a bolt of acid
             ... on level 6 of the Dungeon.
             The game lasted 00:29:25 (7018 turns).

EWolf27 the Cleaver (Hill Orc Berserker)            Turns: 7018, Time: 00:29:26

Health: -8/73      AC: 11    Str: 22    XL:     8   Next: 66%
Magic:  8/8        EV:  8    Int:  7    God:    Trog [**....]
Gold:   264        SH:  0    Dex: 10    Spells: 7/7 levels left

rFire   + . .      SeeInvis .   y - +0 battleaxe
rCold   . . .      Faith    .   (shield currently unavailable)
rNeg    . . .      Spirit   .   B - +3 chain mail
rPois   .          Reflect  .   x - +0 helmet
rElec   .          Harm     .   (no cloak)
rCorr   .          Rampage  .   (no gloves)
Will    .....                   d - +0 pair of boots
Stlth   ..........              j - amulet of regeneration
HPRegen 1.02/turn               t - ring of protection from fire
MPRegen 0.11/turn               (no ring)

@: corroded
A: no striking features
a: Renounce Religion, Convert to Beogh, Berserk, Trog's Hand


You were on level 6 of the Dungeon.
You worshipped Trog.
Trog was pleased with you.
You visited 1 branch of the dungeon, and saw 7 of its levels.

You collected 264 gold pieces.

Inventory:

Hand Weapons
 a - a +0 hand axe
 g - a +0 hunting sling of flaming
 n - a +0 flail
 y - a +0 battleaxe (weapon)
Missiles
 e - 52 sling bullets
 s - 2 boomerangs (quivered)
 A - 2 throwing nets
Armour
 d - a +0 pair of boots (worn)
 x - a +0 helmet (worn)
 B - a +3 chain mail (worn)
Jewellery
 j - an amulet of regeneration (around neck)
 t - a ring of protection from fire (left hand)
Wands
 q - a wand of iceblast (9)
 w - a wand of flame (9)
Scrolls
 b - 2 scrolls of enchant weapon {unknown}
 f - a scroll of blinking {unknown}
 i - 5 scrolls of teleportation
 l - a scroll of immolation {unknown}
 m - a scroll of magic mapping {unknown}
 o - a scroll of fog
 p - 3 scrolls of acquirement {unknown}
 v - a scroll of fear {unknown}
Potions
 c - a potion of might {unknown}
 h - a potion of brilliance {unknown}
 r - a potion of invisibility {unknown}
 u - 2 potions of lignification {unknown}
 z - a potion of heal wounds {unknown}


   Skills:
 + Level 7.2 Fighting
 * Level 10.6 Axes
 + Level 5.6 Armour
 - Level 1.5 Dodging


You had 7 spell levels left.
You didn't know any spells.
Your spell library was empty.

Dungeon Overview and Level Annotations

Branches:
Dungeon (7/15)
 Temple: D:4-7

Altars:
Elyvilon
Fedhas
Qazlal


Message History

An orc comes into view. It is wielding a +0 hand axe.
The orc warrior hits you with a +0 vampiric halberd.
You hit the orc warrior but do no damage.
The orc warrior hits you with a +0 vampiric halberd!
The orc priest shouts, "Join the one true god or die!"
You slash the orc warrior!
The orc warrior is heavily wounded.
The orc priest calls upon Beogh to heal the orc warrior.
The orc warrior is healed somewhat.
You barely miss the orc warrior.
The orc warrior is moderately wounded.
The orc warrior hits you with a +0 vampiric halberd.
The orc warrior barely misses you.
You closely miss the orc warrior.
The orc warrior is moderately wounded.
You hit the orc priest but do no damage.
The orc priest closely misses you.
The orc wizard gestures wildly while chanting.
The orc wizard flickers and vanishes!
Deactivating autopickup; reactivate with Ctrl-A.
The orc warrior zaps a wand.
The bolt of acid hits you!! The orc priest hits you with a +0 whip.
The orc warrior hits you but does no damage.
Your skin crawls.
You feel strong-willed. The orc warrior completely misses you.
The orc priest hits you but does no damage.
The orc priest shouts, "Beogh is our master!
Accept the truth or die!"
You feel the effects of Trog's Hand fading.
The orc warrior zaps a wand.
The bolt of acid hits you!!!
Ouch! That really hurt!
The acid corrodes you!
You hit the orc but do no damage.
Your skin stops crawling.
You feel less strong-willed.
The orc warrior zaps a wand.
The bolt of acid misses you. The orc barely misses you.
The orc priest casts a cantrip, but nothing happens.
The orc warrior zaps a wand.
The bolt of acid hits you!!!
Ouch! That really hurt!
You die...

# #.#.....#.##.##.###.# # #
#.#.....#........##.# # #
#.#.....#.o#.######.# ####
###.#.......o...##.##.# #...
.........##..#..#.....# ##.##
###......#.........#..#######..##
#..............................#.
........#.......o(.#..########.#.
###.#...#..#....@..#..# #...
........#..........#..# #.#.
###.#.#.#.##.#<....#..# #.#.
#.#.#.# ...#...###..########.##
#.#.#.######...............#.##
###.#.#..........#.#.#.#.#.#.....
....#.........................###
.###############...⌠.....⌠....# #
.# ...##......._.......# #


You could see an orc warrior, an orc priest and an orc.

Vanquished Creatures
  A water moccasin (D:5)
  Duvessa (D:4)
  2 ice beasts
  An ogre (D:4)
  A kobold brigand (D:5)
  Blork the orc (D:4)
  2 scorpions
  Dowan (D:4)
  2 howler monkeys
  A gnoll shaman (D:5)
  2 orc priests (D:3)
  A bullfrog skeleton (D:5)
  3 iguanas
  2 orc wizards (D:3)
  A hound zombie (D:5)
  A howler monkey zombie (D:6)
  Robin (D:4)
  6 gnolls
  5 adders
  A shadow imp (D:5)
  2 white imps
  An adder skeleton (D:4)
  5 worms
  4 dart slugs
  11 orcs
  4 ball pythons
  A bat (D:1)
  2 endoplasms
  7 giant cockroaches
  12 goblins
  10 hobgoblins
  6 jackals
  7 kobolds
  A quokka (D:3)
  A rat (D:3)
110 creatures vanquished.

Vanquished Creatures (others)
  8 fungi (D:2)
  3 plants (D:2)
11 creatures vanquished.

Grand Total: 121 creatures vanquished

Notes
Turn   | Place    | Note
-------+----------+-------------------------------------------
     0 | D:1      | EWolf27 the Hill Orc Berserker began the quest for the Orb.
     0 | D:1      | Reached XP level 1. HP: 19/19 MP: 1/1
   357 | D:1      | Reached XP level 2. HP: 27/27 MP: 2/2
  1032 | D:1      | Reached skill level 5 in Axes
  1230 | D:1      | Reached XP level 3. HP: 33/33 MP: 3/3
  1591 | D:2      | Found a faded altar of an unknown god.
  2266 | D:2      | Reached XP level 4. HP: 40/41 MP: 4/4
  2735 | D:3      | Reached skill level 6 in Axes
  3099 | D:3      | Reached XP level 5. HP: 47/47 MP: 5/5
  3099 | D:3      | Reached ** piety under Trog
  3489 | D:3      | Reached skill level 5 in Fighting
  3839 | D:4      | Reached skill level 7 in Axes
  3840 | D:4      | Reached XP level 6. HP: 56/56 MP: 6/6
  3877 | D:4      | Noticed Dowan
  3880 | D:4      | Noticed Duvessa
  4068 | D:4      | Noticed Robin
  4195 | D:4      | Killed Robin
  4486 | D:4      | Killed Duvessa
  4544 | D:4      | Killed Dowan
  4545 | D:4      | Reached skill level 8 in Axes
  4545 | D:4      | Reached XP level 7. HP: 49/62 MP: 7/7
  4640 | D:4      | Noticed Blork the orc
  4676 | D:4      | Killed Blork the orc
  4897 | D:5      | Entered Level 5 of the Dungeon
  5416 | D:5      | Reached skill level 9 in Axes
  5636 | D:5      | Reached XP level 8. HP: 71/71 MP: 8/8
  5863 | D:5      | Reached skill level 5 in Armour
  6141 | D:5      | Reached *** piety under Trog
  6144 | D:5      | Reached skill level 10 in Axes
  6319 | D:5      | Found a stormy altar of Qazlal.
  6486 | D:6      | Found a white marble altar of Elyvilon.
  6730 | D:6      | Found a blossoming altar of Fedhas.
  7018 | D:6      | Killed from afar by an orc warrior

Illustrated notes

Levels and vault maps discovered:
D:1:      saegor_arrival_simple_b, layout_loops_corners
D:2:      layout_loops_ring, dreamdust_ecumenical_altar_grove
D:3:      layout_basic, chequers_arboretum, grunt_decor_clamped
D:4:      layout_rooms, uniq_robin, uniq_blork_the_orc, uniq_duvessa
D:5:      layout_loops_cross, mainiacjoe_overflow_surrounded_room
D:6:      layout_basic, elyvilon_altar_5, old_standard_altar, temple_statues
D:7:      minmay_razor_zed, layout_loops_cross, kennysheep_little_box,
          minmay_shop_mass

Skill      XL: |  1  2  3  4  5  6  7  8 |
---------------+-------------------------+-----
Fighting       | 4 5 6 7 |  7.2
Axes           | 5 6 7 8 9 10 | 10.6
Armour         | 3 4 5 |  5.6
Dodging        | |  1.5

Action                   |  1- 3 |  4- 6 |  7- 9 || total
-------------------------+-------+-------+-------++-------
Melee: Hand axe          |   109 |   192 |     9 ||   310
       Battleaxe         |       |       |   143 ||   143
Invok: Berserk           |     2 |     4 |     3 ||     9
       Trog's Hand       |       |       |     2 ||     2
  Use: Scroll            |       |       |     2 ||     2
Armor: Animal skin       |     9 |       |       ||     9
       Ring mail         |    15 |       |       ||    15
       Chain mail        |     1 |   105 |    77 ||   183
Dodge: Dodged            |    56 |    56 |    63 ||   175

Table legend: (Time is in decaauts)
 A = Elapsed time spent in this place.
 B = Non-inter-level travel time spent in this place.
 C = Inter-level travel time spent in this place.
 D = Time resting spent in this place.
 E = Time spent auto-exploring this place.
 F = Levels seen in this place.
 G = Mean time per level.
                   A        B        C        D        E       F      G
               +--------+--------+--------+--------+--------+-----+--------+
         Total |   7133 |   6885 |    248 |   2295 |   1743 |   7 | 1019.0 |
       Dungeon |   7133 |   6885 |    248 |   2295 |   1743 |   7 | 1019.0 |
               +--------+--------+--------+--------+--------+-----+--------+

Top non-repeatable levels by time:
     D:1: 1596 daAuts
     D:3: 1506 daAuts
     D:5: 1347 daAuts
     D:4: 1188 daAuts
     D:2: 1064 daAuts
     D:6: 429 daAuts
     D:7: 1 daAuts
